 Dungeon Crawl Stone Soup version 0.23.2-33-g5129a83184 (webtiles) character file.

Game seed: 17066754081429707959

21 colophon the Sneak (level 3, -1/20 HPs)
             Began as a Kobold Enchanter on July 17, 2019.
             Slain by a kobold
             ... wielding a +0 dagger
              (2 damage)
             ... on level 1 of the Dungeon.
             The game lasted 00:03:18 (809 turns).

colophon the Sneak (Kobold Enchanter)                Turns: 809, Time: 00:03:18

Health: -1/20      AC:  2    Str:  5    XL:     3   Next: 5%
Magic:  1/6        EV: 13    Int: 16    God:
Gold:   30         SH:  0    Dex: 16    Spells: 3/6 levels left

rFire    . . .     SeeInvis .   a - +1 dagger
rCold    . . .     Gourm    .   (shield restricted)
rNeg     . . .     Faith    .   b - +0 robe
rPois    .         Spirit   .   (no helmet)
rElec    .         Reflect  .   (no cloak)
rCorr    .         Harm     .   (no gloves)
MR       .....                  (no boots)
Stlth    +++.......             (no amulet)
HPRegen  0.06/turn              (no ring)
MPRegen  0.10/turn              (no ring)

@: very slightly contaminated, constricted
A: small, carnivore
a: no special abilities


You were on level 1 of the Dungeon.
You were very full.

You visited 1 branch of the dungeon, and saw 1 of its levels.

You collected 30 gold pieces.

Inventory:

Hand Weapons
 a - a +1 dagger (weapon)
Armour
 b - a +0 robe (worn)
Scrolls
 c - a scroll of remove curse {unknown}
 e - a scroll of fear {unknown}
Potions
 f - a potion of agility {unknown}
 h - 2 potions of degeneration {unknown}
Comestibles
 d - 2 rations
 g - a chunk of flesh


   Skills:
 + Level 1.0 Fighting
 + Level 2.0 Short Blades
 + Level 2.8 Dodging
 + Level 4.3 Stealth
 + Level 2.4 Spellcasting
 - Level 3.0 Hexes


You had 3 spell levels left.
You knew the following spells:

 Your Spells              Type           Power        Failure   Level  Hunger
a - Corona                Hex            ##.....      6%          1    #......
b - Ensorcelled Hibernat  Hex/Ice        #.....       16%         2    ###....

Your spell library contained the following spells:

 Spells                   Type           Power        Failure   Level  Hunger
 Confuse                  Hex            ##......     17%         3    ###....
 Tukima's Dance           Hex            ##......     17%         3    ###....
 Dazzling Spray           Conj/Hex       #.....       32%         3    ###....


Dungeon Overview and Level Annotations

Branches:
Dungeon (1/15)

Altars:


Innate Abilities, Weirdness & Mutations

You are small and have problems with some larger weapons.
You are carnivorous and can eat meat at any time.


Message History

The ball python barely misses you. The ball python constricts you.
You hit the kobold but do no damage.
The kobold is moderately wounded.
The kobold hits you with a +0 dagger.
* * * LOW HITPOINT WARNING * * *
The ball python closely misses you. The ball python constricts you.
You hit the kobold but do no damage.
The kobold is moderately wounded.
The ball python bites you but does no damage.
The ball python constricts you. The kobold misses you.
You hit the kobold but do no damage.
The kobold is moderately wounded.
The ball python bites you but does no damage.
The ball python constricts you. The kobold misses you.
You hit the kobold but do no damage.
The kobold is moderately wounded.
The ball python barely misses you.
* * * LOW HITPOINT WARNING * * *
The ball python constricts you. The kobold hits you with a +0 dagger.
You die...

# #....# ### ...
.....
#....#########.##
.###.
#..............#
.....
#......(.......+
.....
#..............#
##...
.................
.>...
.##....##...###..
##.## .
...........###..
#. #
.##....#.@.......
# #
.......SK.......
.
............###.
# ## #....#.#.###
.## ....... .. ..
#....!. ... #. #
#....#. .## .#.##
#...!.. .. .....
.....


You could see a ball python and a kobold.

Vanquished Creatures
  An ooze (D:1)
  2 dart slugs (D:1)
  A leopard gecko (D:1)
  A bat (D:1)
  A giant cockroach (D:1)
  A goblin (D:1)
  A hobgoblin (D:1)
  A kobold (D:1)
  2 frilled lizards (D:1)
  A rat (D:1)
12 creatures vanquished.

Notes
Turn   | Place    | Note
-------+----------+-------------------------------------------
     0 | D:1      | colophon the Kobold Enchanter began the quest for the Orb.
     0 | D:1      | Reached XP level 1. HP: 10/10 MP: 3/3
   215 | D:1      | Reached XP level 2. HP: 10/16 MP: 1/5
   219 | D:1      | Learned a level 2 spell: Ensorcelled Hibernation
   765 | D:1      | Reached skill level 1 in Fighting
   765 | D:1      | Reached XP level 3. HP: 20/20 MP: 6/6
   809 | D:1      | HP: 1/20 [ball python (1)]
   809 | D:1      | Slain by a kobold

Skill      XL: |  1  2 |
---------------+-------+-----
Short Blades   | 2 |  2.0
Fighting       | 1 |  1.0
Dodging        | |  2.8
Stealth        | |  4.3
Spellcasting   | |  2.4
Hexes          | |  3.0

Action                   || total
-------------------------++-------
Melee: Dagger            ||    42
 Cast: Corona            ||     3
       Ensorcelled Hiber ||     8
 Stab: Sleeping          ||     7
  Eat: Chunk             ||     8
Armor: Robe              ||     7
Dodge: Dodged            ||    30
